 Dungeon Crawl Stone Soup version 0.28.0-53-g5a82cb258f (webtiles) character file.

Game seed: 2123961609487090352

987 DocClef the Grappler (level 7, -1/55 HPs)
             Began as a Troll Hunter on July 9, 2022.
             Was a Follower of Hepliaklqana.
             Slain by a wyvern skeleton (8 damage)
             ... on level 6 of the Dungeon.
             The game lasted 00:04:16 (4170 turns).

DocClef the Grappler (Troll Hunter)                 Turns: 4170, Time: 00:04:16

Health: -1/55      AC:  5    Str: 23    XL:     7   Next: 97%
Magic:  6/6        EV:  9    Int:  7    God:    Hepliaklqana [*.....]
Gold:   226        SH:  0    Dex: 10    Spells: 6/6 levels left

rFire   . . .      SeeInvis .     - Unarmed
rCold   . . .      Faith    .   (no shield)
rNeg    . . .      Spirit   .   b - +0 robe
rPois   .          Reflect  .   (helmet restricted)
rElec   .          Harm     .   s - +0 cloak
rCorr   .          Rampage  .   (gloves unavailable)
Will    .....                   (boots unavailable)
Stlth   +.........              (no amulet)
HPRegen 0.98/turn               (no ring)
MPRegen 0.10/turn               (no ring)

@: no status effects
A: reduced essence, large, unfitting armour, claws 3, regeneration 1, shaggy fur
1, tough skin 1
a: Renounce Religion, Recall Ancestor, Ancestor Identity


You were on level 6 of the Dungeon.
You worshipped Hepliaklqana.
Hepliaklqana was aware of your devotion.
You visited 2 branches of the dungeon, and saw 7 of its levels.

You collected 226 gold pieces.

Inventory:

Hand Weapons
 a - a +0 short sword
Missiles
 c - 9 large rocks (quivered)
 d - 3 throwing nets
Armour
 b - a +0 robe (worn)
 s - a +0 cloak (worn)
Jewellery
 w - a ring of willpower
Wands
 t - a wand of flame (23)
Scrolls
 f - a scroll of holy word {unknown}
 h - 4 scrolls of identify {unknown}
 i - a scroll of noise {unknown}
 k - 3 scrolls of fear {unknown}
 l - a scroll of silence {unknown}
 m - a scroll of fog {unknown}
 n - a scroll of vulnerability {unknown}
 o - 2 scrolls of immolation {unknown}
 r - a scroll of enchant weapon {unknown}
 x - a scroll of blinking {unknown}
 y - a scroll of acquirement {unknown}
Potions
 e - a potion of might {unknown}
 g - a potion of curing {unknown}
 j - a potion of brilliance {unknown}
 p - 2 potions of attraction {unknown}
 q - a potion of lignification {unknown}
 u - a potion of magic {unknown}
 v - a potion of flight {unknown}
 z - 2 potions of haste {unknown}
 A - a potion of resistance {unknown}


   Skills:
 - Level 1.5 Fighting
 - Level 3.6 Throwing
 - Level 1.5 Dodging
 - Level 0.3 Stealth
 + Level 9.2 Unarmed Combat


You had 6 spell levels left.
You didn't know any spells.
Your spell library contained the following spells:

 Spells                   Type           Power      Damage    Failure   Level
 Foxfire                  Conj/Fire      0%         2x1d4     43%         1
 Conjure Flame            Conj/Fire      0%         6-21      80%         3
 Inner Flame              Hex/Fire       0%         N/A       80%         3
 Flame Wave               Conj/Fire      0%         2d4       99%         4
 Dispersal                Tloc           0%         N/A       100%        6
 Disjunction              Tloc           0%         N/A       100%        8


Dungeon Overview and Level Annotations

Branches:
Dungeon (6/15)             Temple (1/1) D:5

Altars:
Ashenzari
Cheibriados
Dithmenos
Elyvilon
Gozag
Hepliaklqana
Kikubaaqudgha
Makhleb
Nemelex Xobeh
Qazlal
Ru
Sif Muna
Trog
Uskayaw
Vehumet
Wu Jian
Yredelemnul
Zin
The Shining One

Shops:
D:6 !


Innate Abilities, Weirdness & Mutations

Your life essence is reduced to manifest your ancestor. (-10% HP)
You are too large for most types of armour.
You have claws for hands.
Your natural rate of healing is unusually fast.
You are covered in fur. (AC +1)
You have tough skin. (AC +1)


Message History

The orc priest hits Huemac with a +0 short sword.
The phantom hits you!
The phantom blinks!
You blink.
Found 11 gold pieces and a long sword.
Found a stone staircase leading down.
You scratch the phantom.
The phantom is almost destroyed.
The orc priest invokes the aid of Beogh against you.
Beogh smites you! The phantom barely misses you.
You closely miss the phantom.
The phantom is almost destroyed.
The orc priest hits something with a +0 short sword.
You miss the phantom.
The phantom is almost destroyed.
The phantom hits you.
You are too injured to fight recklessly!
You are too injured to fight recklessly!
Unknown command.
You are too injured to fight recklessly!
You scratch the phantom.
The phantom is almost destroyed.
The orc priest hits Huemac with a +0 short sword.
The phantom hits you!
You barely miss the phantom.
The phantom is almost destroyed.
The phantom hits you.
The phantom blinks!
You blink.
The ufetubus hits you.
* * * LOW HITPOINT WARNING * * *
The ufetubus hits you but does no damage.
Huemac hits something.
You scratch the phantom.
You destroy the phantom!
The ufetubus hits you but does no damage. x2
The wyvern skeleton bites you!
* * * LOW HITPOINT WARNING * * *
Your Unarmed Combat skill increases to level 9!
Unknown command.
You mangle the orc priest!!
You kill the orc priest!
Huemac barely misses the orc.
The ufetubus hits you but does no damage. x2
The orc closely misses you. The wyvern skeleton bites you!
You die...

#.....## #......#
#......##
#.......# ...
#.....#.# .)
########)## ..
#.........# .#
#......oZ.# .#
#......@5.###.#
#.).....)oR..$#
...........#..#
#............ยง#
#...$....##.....
..###.........##.#
# #######...# #
#...# #..>.


You could see the friendly Huemac the ancestor, 2 orcs, an ufetubus and a wyvern
skeleton.

Vanquished Creatures
  2 ogres (D:5)
  A centaur (D:4)
  A phantom (D:6)
  An orc priest (D:6)
  3 hounds
  2 jellies (D:4)
  A gnoll shaman (D:4)
  3 orc wizards
  Ijyb (D:3)
  3 iguanas
  Natasha (thrice) (D:3)
  2 hound skeletons
  5 gnolls
  4 adders
  A shadow imp (D:5)
  A white imp (D:6)
  An ufetubus (D:5)
  3 worms
  2 dart slugs
  14 orcs
  2 ball pythons
  7 endoplasms
  3 giant cockroaches
  3 goblins
  6 hobgoblins
  4 jackals (D:1)
  5 quokkas
  8 bats
  4 frilled lizards
  5 kobolds
  12 rats
113 creatures vanquished.

Notes
Turn   | Place    | Note
-------+----------+-------------------------------------------
     0 | D:1      | DocClef the Troll Hunter began the quest for the Orb.
     0 | D:1      | Reached XP level 1. HP: 19/19 MP: 0/0
    54 | D:1      | Reached skill level 1 in Unarmed Combat
   145 | D:1      | Reached XP level 2. HP: 27/27 MP: 1/1
   168 | D:1      | Reached skill level 2 in Unarmed Combat
   822 | D:2      | Found a faded altar of an unknown god.
   828 | D:2      | Reached XP level 3. HP: 31/33 MP: 2/2
  1055 | D:2      | Reached skill level 3 in Unarmed Combat
  1202 | D:2      | Reached XP level 4. HP: 38/41 MP: 3/3
  1479 | D:3      | Found a stormy altar of Qazlal.
  1644 | D:3      | Found a glowing silver altar of Zin.
  1689 | D:3      | Noticed Natasha
  1694 | D:3      | Killed Natasha
  1695 | D:3      | Reached skill level 4 in Unarmed Combat
  2168 | D:3      | Noticed Natasha
  2172 | D:3      | Killed Natasha
  2173 | D:3      | Reached XP level 5. HP: 38/48 MP: 4/4
  2253 | D:3      | Noticed Ijyb
  2260 | D:3      | Killed Ijyb
  2261 | D:3      | Reached skill level 5 in Unarmed Combat
  2388 | D:3      | Noticed Natasha
  2404 | D:3      | Killed Natasha
  2471 | D:4      | Found a white marble altar of Elyvilon.
  2655 | D:4      | Found a sacrificial altar of Ru.
  2678 | D:4      | Noticed a centaur
  2688 | D:4      | Killed a centaur
  2689 | D:4      | Reached skill level 6 in Unarmed Combat
  2689 | D:4      | Reached XP level 6. HP: 45/55 MP: 5/5
  3209 | D:5      | Entered Level 5 of the Dungeon
  3221 | D:5      | Found a staircase to the Ecumenical Temple.
  3244 | D:5      | Reached skill level 7 in Unarmed Combat
  3256 | Temple   | Entered the Ecumenical Temple
  3325 | Temple   | Became a worshipper of Hepliaklqana the Forgotten
  3468 | D:5      | Reached XP level 7. HP: 32/62 MP: 6/6
  3680 | D:4      | Reached skill level 8 in Unarmed Combat
  3982 | D:6      | Found Foiped's Distillery.
  4156 | D:6      | Reached * piety under Hepliaklqana
  4170 | D:6      | Reached skill level 9 in Unarmed Combat
  4170 | D:6      | Slain by a wyvern skeleton

Illustrated notes

Levels and vault maps discovered:
D:1:      onia_arrival_pentagram, layout_basic, hangedman_feature_mirror,
          chequers_mini_garden, nicolae_concentric_dashed_squares_wild
D:2:      layout_loops_ring, ebering_ecumenical_altar_sacrificial, minivault_26
D:3:      layout_basic, grunt_qazlal_sundering, mainiacjoe_overflow_alcove_1,
          uniq_ijyb, uniq_natasha
D:4:      layout_loops_ring, mainiacjoe_overflow_small_starburst,
          nicolae_ru_sacrificial_ziggurat, kennysheep_generic_room_15
D:5:      layout_rooms, minmay_temple_entry_stoned_glass, minmay_small_thing
D:6:      layout_basic, serial_shops, shop, minmay_misc_feat_ornament,
          chequers_serial_rivers_large_a, uniq_duvessa
Temple:   regret_index_temple_waves

Skill      XL: |  1  2  3  4  5  6  7 |
---------------+----------------------+-----
Unarmed Combat | 1 2 3 4 6 7 9 |  9.2
Fighting       | |  1.5
Throwing       | |  3.6
Dodging        | |  1.5
Stealth        | |  0.3

Action                   |  1- 3 |  4- 6 |  7- 9 || total
-------------------------+-------+-------+-------++-------
Melee: Unarmed           |   106 |   143 |    78 ||   327
       Punch             |     3 |     1 |     7 ||    11
 Stab: Sleeping          |     3 |     2 |       ||     5
Armor: Robe              |    65 |    49 |    25 ||   139
Dodge: Dodged            |    55 |    55 |    34 ||   144
